 Dungeon Crawl Stone Soup version 0.30.0-13-g156ef70053 (webtiles) character file.

Game seed: 18197622526368156552

845 dolemite99 the Grappler (level 7, -5/62 HPs)
             Began as a Troll Warper on May 18, 2023.
             Was an Initiate of Yredelemnul.
             Slain by an ogre
             ... wielding a +0 giant spiked club
              (13 damage)
             ... on level 5 of the Dungeon.
             The game lasted 00:06:10 (4266 turns).

dolemite99 the Grappler (Troll Warper)              Turns: 4266, Time: 00:06:10

Health: -5/62      AC:  5    Str: 22    XL:     7   Next: 68%
Magic:  7/7        EV:  9    Int:  9    God:    Yredelemnul [......]
Gold:   240        SH:  0    Dex:  9    Spells: 8/8 levels left

rFire   . .          .
                       - Unarmed
rCold   . . .        (no shield)
rNeg    . . .        a - +1 robe
rPois   .            (helmet restricted)
rElec   .            (no cloak)
rCorr   .            (gloves unavailable)
SInv    .            (boots unavailable)
Will    .....        (no amulet)
Stlth   +            g - +4 ring of slaying
HPRegen 1.10/turn    (no ring)
MPRegen 0.10/turn

%: no passive effects
@: no status effects
A: large, unfitting armour, claws 3, regeneration 1, shaggy fur 1, tough skin 1
a: Renounce Religion, Recall Undead Harvest


You were on level 5 of the Dungeon.
You worshipped Yredelemnul.
Yredelemnul was noncommittal.
You visited 1 branch of the dungeon, and saw 5 of its levels.
You also visited: Ossuary.

You collected 266 gold pieces.
You spent 26 gold pieces at shops.

Inventory:

Armour
 a - a +1 robe (worn)
Jewellery
 g - a +4 ring of slaying (left claw)
 r - a +6 ring of dexterity
 t - an amulet of regeneration
Wands
 m - a wand of polymorph (10)
Scrolls
 b - a scroll of blinking
 e - a scroll of enchant armour
 h - 3 scrolls of identify {@r1}
 i - a scroll of immolation {unknown}
 k - 3 scrolls of noise
 l - a scroll of teleportation {unknown}
 p - 3 scrolls of silence
 w - a scroll of torment {unknown}
 x - a scroll of vulnerability {unknown}
Potions
 c - a potion of curing {unknown}
 d - 3 potions of ambrosia {unknown}
 f - a potion of degeneration {unknown}
 j - 4 potions of brilliance {unknown}
 n - 4 potions of lignification {unknown}
 o - 2 potions of attraction {unknown}
 q - a potion of flight {unknown}
 s - 2 potions of heal wounds {unknown}
 u - 3 potions of mutation {unknown}
 v - a potion of magic {unknown}
 z - a potion of berserk rage {unknown}


   Skills:
 - Level 1.5 Fighting
 - Level 0.8 Throwing
 - Level 1.9 Dodging
 + Level 9.0 Unarmed Combat
 - Level 1.2 Spellcasting
 - Level 2.1 Translocations


You had 8 spell levels left.
You didn't know any spells.
Your spell library contained the following spells:

 Spells                   Type           Power      Damage    Failure   Level
 Apportation              Tloc           8%         N/A       14%         1
 Blink                    Tloc           8%         N/A       22%         2
 Lesser Beckoning         Tloc           8%         N/A       22%         2
 Necrotise                Necr           0%         1d4       36%         1
 Summon Small Mammal      Summ           0%         N/A       36%         1
 Teleport Other           Tloc           4%         N/A       41%         3
 Vhi's Electric Charge    Tloc/Air       4%         N/A       56%         3
 Inner Flame              Hex/Fire       0%         N/A       73%         3
 Manifold Assault         Tloc           4%         N/A       82%         4
 Yara's Violent Unravell  Hex/Tmut       0%         3d3       100%        5
 Enfeeble                 Hex            0%         N/A       100%        7


Dungeon Overview and Level Annotations

Branches:
Dungeon (5/15)            Ossuary (visited)
 Temple: D:4-7

Altars:
Uskayaw
Yredelemnul

Shops:
D:1 *   D:4 (


Innate Abilities, Weirdness & Mutations

You are too large for most types of armour.
You have claws for hands.
Your natural rate of healing is unusually fast.
You are covered in fur. (AC +1)
You have tough skin. (AC +1)


Message History

You closely miss the phantom.
The phantom is almost destroyed.
The phantom hits you but does no damage.
Your jelly zombie closely misses the phantom.
A phantom is nearby!
You scratch the phantom.
The phantom is almost destroyed.
The phantom hits you but does no damage.
Your jelly zombie misses the phantom.
You barely miss the phantom.
The phantom is almost destroyed.
The phantom misses you.
You closely miss the phantom.
The phantom is almost destroyed.
Your jelly zombie closely misses the phantom.
The phantom hits you but does no damage.
You barely miss the phantom.
The phantom is almost destroyed.
Your jelly zombie closely misses the phantom.
You scratch the phantom.
You destroy the phantom!
Your Unarmed Combat skill increases to level 9!
You swap places.
An ogre is nearby!
The ogre hits you with a +0 giant spiked club!!
Ouch! That really hurt!
You scratch the ogre.
The ogre is lightly wounded.
You barely miss the ogre.
The ogre is lightly wounded.
The ogre hits you with a +0 giant spiked club!!
* * * LOW HITPOINT WARNING * * *
You barely miss the ogre.
The ogre is lightly wounded.
Your jelly zombie hits the ogre.
You barely miss the ogre. Your claw misses the ogre.
The ogre is lightly wounded.
The ogre hits you with a +0 giant spiked club!
You die...
Your body rises from the dead as a mindless zombie.

...........?#
............#
##..........#
#...........#
...........##
.#......###
###.Z....##
##O......###
#.#@.#####...#
.##....#####..##
.....###........##
#...#..#..........#
#+# #.............#
#.#.....<....##
#.##.....#..##
#.##>....#...#
#..#.........#


You could see an ogre (ally target) and a friendly jelly zombie.

Vanquished Creatures
  A wyvern (D:4)
  An ogre (D:5)
  A phantom (D:5)
  A jelly (D:5)
  An iguana (D:4)
  4 mummies (Ossuary)
  4 adders
  6 gnolls (D:2)
  3 dart slugs
  11 orcs
  6 endoplasms
  3 giant cockroaches
  4 gnoll zombies (Ossuary)
  8 goblins
  8 hobgoblins
  5 jackals
  5 quokkas
  6 ball pythons
  4 bats
  3 frilled lizards (D:2)
  6 gnoll skeletons (Ossuary)
  4 goblin skeletons (Ossuary)
  7 goblin zombies (Ossuary)
  4 hobgoblin skeletons (Ossuary)
  2 hobgoblin zombies (Ossuary)
  5 kobolds
  3 kobold skeletons (Ossuary)
  3 kobold zombies (Ossuary)
  4 orc skeletons (Ossuary)
  3 orc zombies (Ossuary)
  3 rats
  4 rat skeletons (Ossuary)
  6 rat zombies (Ossuary)
139 creatures vanquished.

Vanquished Creatures (collateral kills)
  Menkaure (D:4)
  A jelly (D:4)
  2 orcs
  A bat (D:3)
  A hobgoblin (D:4)
  A jackal (D:3)
7 creatures vanquished.

Vanquished Creatures (others)
  An iguana zombie (D:4)
  A bat zombie (D:3)
  2 goblin zombies (D:3)
  A hobgoblin zombie (D:3)
  3 jackal zombies (D:3)
  3 orc zombies
11 creatures vanquished.

Grand Total: 157 creatures vanquished

Notes
Turn   | Place    | Note
-------+----------+-------------------------------------------
     0 | D:1      | dolemite99 the Troll Warper began the quest for the Orb.
     0 | D:1      | Reached XP level 1. HP: 19/19 MP: 1/1
   214 | D:1      | Reached XP level 2. HP: 27/27 MP: 2/2
   236 | D:1      | Reached skill level 3 in Unarmed Combat
   384 | D:1      | Found Julewoil's General Store.
   390 | D:1      | Bought a scroll of identify for 26 gold pieces
   557 | D:1      | Reached XP level 3. HP: 31/33 MP: 3/3
  1011 | D:2      | Reached skill level 4 in Unarmed Combat
  1014 | D:2      | Reached XP level 4. HP: 37/41 MP: 4/4
  1082 | D:2      | Found a basalt altar of Yredelemnul.
  1104 | D:2      | Became a worshipper of Yredelemnul the Dark
  1125 | D:2      | Reached skill level 5 in Unarmed Combat
  1361 | D:2      | Reached * piety under Yredelemnul
  1655 | D:3      | Reached XP level 5. HP: 48/48 MP: 5/5
  2208 | D:3      | Found a hide-covered altar of Uskayaw.
  2366 | D:4      | Found a sand-covered staircase.
  2375 | Ossuary  | Entered an ossuary
  2825 | Ossuary  | Reached skill level 6 in Unarmed Combat
  3105 | Ossuary  | Reached XP level 6. HP: 43/55 MP: 6/6
  3530 | D:4      | Noticed a wyvern
  3550 | D:4      | Killed a wyvern
  3551 | D:4      | Reached skill level 7 in Unarmed Combat
  3809 | D:4      | Noticed Menkaure
  3817 | D:4      | Killed Menkaure
  3818 | D:4      | Reached skill level 8 in Unarmed Combat
  3818 | D:4      | Reached XP level 7. HP: 36/62 MP: 7/7
  4039 | D:4      | Found Kucveom's Weapon Boutique.
  4199 | D:5      | Entered Level 5 of the Dungeon
  4252 | D:5      | Reached skill level 9 in Unarmed Combat
  4261 | D:5      | HP: 3/62 [ogre/+0 giant spiked club (26)]
  4266 | D:5      | Slain by an ogre

Illustrated notes

Levels and vault maps discovered:
D:1:      grunt_arrival_crossed_arrows, layout_basic, serial_shops, shop
D:2:      minmay_inner_zag, layout_basic, basic_altar, minmay_domino_2
D:3:      layout_loops_ring, old_standard_altar, eino_tiny_chamber
D:4:      layout_gridville, lightli_ossuary_entry_decrepit_ruins, serial_shops,
          shop, kennysheep_decorative_pillar, uniq_menkaure
D:5:      layout_cave_pools, slow_altar_1, serial_bayou_ford_a,
          kb_lookout_dungeons_type, kennysheep_generic_room_13,
          uniq_crazy_yiuf_cottage

Skill      XL: |  1  2  3  4  5  6  7 |
---------------+----------------------+-----
Unarmed Combat | 3 4 5 6 8 9 |  9.0
Fighting       | |  1.5
Throwing       | |  0.8
Dodging        | |  1.9
Spellcasting   | |  1.2
Translocations | |  2.1

Action                     |  1- 3 |  4- 6 |  7- 9 || total
---------------------------+-------+-------+-------++-------
  Melee: Unarmed           |    57 |   186 |    22 ||   265
         Punch             |     1 |     4 |       ||     5
  Throw: Boomerang         |     7 |       |       ||     7
         Dart              |       |     7 |       ||     7
    Use: Scroll            |       |     4 |       ||     4
   Stab: Sleeping          |     1 |       |       ||     1
         Distracted        |       |       |     1 ||     1
 Armour: Robe              |    11 |    48 |     3 ||    62
  Dodge: Dodged            |    18 |    77 |     6 ||   101
